 Dungeon Crawl Stone Soup version 0.15-a0-1363-g87d8b17 (webtiles) character file.

153566 Chiseanne the Nimble (level 17, -4/167 (170) HPs)
             Began as a Troll Monk on June 9, 2014.
             Was a Priest of Okawaru.
             Slain by the 27-headed Lernaean hydra (7 damage)
             ... on Level 5 of the Swamp.
             The game lasted 03:48:27 (40114 turns).

Chiseanne the Nimble (Troll Monk)                  Turns: 40114, Time: 03:48:27

HP  -4/167 (170) AC 10     Str 40      XL: 17   Next:  5%
MP  27/27        EV 21     Int  6      God: Okawaru [***...]
Gold 1015        SH  0     Dex 20      Spells:  7 memorised,  3 levels left

rFire  . . .     SeeInvis +     M - -3 rod of the swarm (4/9)
rCold  + + .     Clarity  .     L - +1 robe "Stianomm" {Str+5 Dex+2}
rNeg   + . .     rCorr    .     (shield restricted)
rPois  +         rRot     .     Y - +2 hat {MR+} {god gift}
rElec  .         Spirit   .     j - +1 cloak of Good Intentions {rC++ rN+ Dex+4 SInv}
SustAb .         Warding  .     (gloves unavailable)
rMut   .         Stasis   .     (boots unavailable)
Gourm  +         NoCast   +     E - amulet "Teuq" {+Rage rPois Str+2 Dex+1}
MR     ++...                    u - ring "Upugraop" {-Cast Str+5 Dex+1 Acc+6}
                                i - +0,+6 ring of slaying

@: very slightly contaminated, hasted, very quick, very resistant to hostile
enchantments, unstealthy
A: unfitting armour, claws 3, hooves 1, fast metabolism 3, gourmand,
regeneration 2, saprovore 2, shaggy fur 1, tough skin 2
a: Heroism, Renounce Religion, Evoke Berserk Rage


You were on level 5 of the Swamp.
You worshipped Okawaru.
Okawaru was most pleased with you.
You were full.

You visited 5 branches of the dungeon, and saw 33 of its levels.
You visited the Abyss 1 time.
You also visited: Trove, Ossuary and Bailey.

You collected 4557 gold pieces.
You spent 3542 gold pieces at shops.

Inventory:

Hand weapons
 a - the +8,+8 great sword "Skygg" {drain, rF+}
   (You took it off an orc warrior in a bailey)

   A truly terrible weapon, it drains the life of those it strikes.
   It protects you from fire.
 p - the +10,+6 mace of Harmony {drain, MR+ Dex+2 SInv}
   (You found it on level 1 of the Swamp)

   A truly terrible weapon, it drains the life of those it strikes.
   It affects your dexterity (+2).
   It affects your resistance to hostile enchantments.
   It enhances your eyesight.
 s - a +3,+1 quarterstaff of protection
 w - a +7 blowgun
Missiles
 q - 42 poisoned needles
 r - 3 javelins of penetration
 x - 15 large rocks (quivered)
 y - a poisoned javelin
 z - 43 tomahawks of returning
 I - 7 silver javelins
 N - 8 silver tomahawks
 O - 5 curare-tipped needles
Armour
 j - the +1 cloak of Good Intentions (worn) {rC++ rN+ Dex+4 SInv}
   (You bought it in a shop on level 4 of the Dungeon)

   It affects your dexterity (+4).
   It greatly protects you from cold.
   It protects you from negative energy.
   It enhances your eyesight.
 n - the +0 shield of Kleptomania {Dex-2 Int-3}
   (You acquired it on level 5 of the Swamp)

   It affects your intelligence (-3).
   It affects your dexterity (-2).
 L - the +1 robe "Stianomm" (worn) {Str+5 Dex+2}
   (You bought it in a shop on level 4 of the Dungeon)

   It affects your strength (+5).
   It affects your dexterity (+2).
 Y - a +2 hat of magic resistance (worn) {god gift}
Magical devices
 e - a wand of teleportation (1)
 g - a wand of paralysis (0)
 o - a wand of digging (1)
 F - a wand of lightning (0)
 S - a wand of heal wounds (1)
Comestibles
 d - 5 bread rations
 K - 10 beef jerkies
 W - 5 royal jellies
 X - 2 slices of pizza
Scrolls
 c - a scroll of enchant weapon I
 f - 2 scrolls of blinking
 l - 2 scrolls of enchant weapon II
 v - 10 scrolls of fog
 C - 8 scrolls of remove curse
 G - a scroll of recharging
 H - 6 scrolls of identify
 Q - 4 scrolls of fear
 Z - 6 scrolls of teleportation
Jewellery
 i - a +0,+6 ring of slaying (left claw)
 t - the ring "Urerot" {rF+ rC- SInv}
   (You found it on level 2 of the Swamp)

   [ring of see invisible]

   It protects you from fire.
   It makes you vulnerable to cold.
   It enhances your eyesight.
 u - the ring "Upugraop" (right claw) {-Cast Str+5 Dex+1 Acc+6}
   (You bought it in a shop on level 4 of the Dungeon)

   [ring of strength]

   It affects your strength (+5).
   It affects your dexterity (+1).
   It affects your accuracy with ranged weapons and melee attacks (+6).
   It prevents spellcasting.
 D - an uncursed ring of see invisible
 E - the amulet "Teuq" (around neck) {+Rage rPois Str+2 Dex+1}
   (You found it on level 8 of the Lair of Beasts)

   [amulet of rage]

   It affects your strength (+2).
   It affects your dexterity (+1).
   It protects you from poison.
   It lets you go berserk.
Potions
 h - 2 potions of magic
 k - 3 potions of lignification
 m - 3 potions of resistance
 B - 12 potions of curing
 R - a potion of restore abilities
Miscellaneous
 J - a fan of gales (inert)
Rods
 M - a -3 rod of the swarm (4/9) (weapon)
   (You found it on level 5 of the Swamp)


   Skills:
 + Level 11.5 Fighting
 + Level 12.0 Long Blades
   Level 4.6 Polearms
 - Level 7.9 Staves
 - Level 8.0 Throwing
 + Level 13.7 Dodging
 - Level 1.1 Stealth
 - Level 5.5 Unarmed Combat
 - Level 11.0 Evocations


You had 3 spell levels left.
You knew the following spells:

 Your Spells              Type           Power        Failure   Level  Hunger
a - Repel Missiles        Chrm/Air       #.....       77%         2    ###....
b - Swiftness             Chrm/Air       #.......     77%         2    ###....
c - Apportation           Tloc           #.........   52%         1    ##.....
d - Blink                 Tloc           N/A          77%         2    ###....
e - Summon Butterflies    Summ           #.......     52%         1    ##.....
f - Shroud of Golubria    Chrm/Tloc      #.........   77%         2    ###....
g - Regeneration          Chrm/Necr      #.........   97%         3    ####...


Dungeon Overview and Level Annotations

Branches:
Dungeon (15/15)            Temple (1/1) D:6             Orc (4/4) D:10
    Elf (0/3) Orc:4          Lair (8/8) D:8           Swamp (5/5) Lair:3
 Spider (0/5) Lair:3        Slime (0/6) Lair:6       Vaults (0/5) D:13
 Depths (0/5) D:15

Altars:
Ashenzari
Cheibriados
Dithmenos
Elyvilon
Fedhas
Gozag
Kikubaaqudgha
Makhleb
Nemelex Xobeh
Okawaru
Qazlal
Sif Muna
Trog
Vehumet
Xom
Yredelemnul
Zin
The Shining One
Beogh

Shops:
D:4 [[=%=   D:6 *   D:14 =   Orc:2 ?!   Orc:4 !}[(

Annotations:
Lair:1 exclusion: oklob plant
Swamp:3 Louise
Swamp:5 Lernaean hydra


Innate Abilities, Weirdness & Mutations

You are too large for most types of armour.
You have claws for hands.
Your metabolism is lightning-fast.
You like to eat raw meat.
You heal very quickly.
You can eat rotten meat.
You are covered in fur (AC +1).
You have very tough skin (AC +2).
You have large cloven feet.


Message History

* * * LOW HITPOINT WARNING * * *
The 27-headed Lernaean hydra closely misses you.
The 27-headed Lernaean hydra bites you!
* * * LOW HITPOINT WARNING * * *
The 27-headed Lernaean hydra bites you but does no damage.
The 27-headed Lernaean hydra bites you!
* * * LOW HITPOINT WARNING * * *
The 27-headed Lernaean hydra bites you but does no damage.
The 27-headed Lernaean hydra misses you.
The 27-headed Lernaean hydra completely misses you.
The 27-headed Lernaean hydra bites you.
* * * LOW HITPOINT WARNING * * *
The 27-headed Lernaean hydra bites you but does no damage.
The 27-headed Lernaean hydra bites you!
* * * LOW HITPOINT WARNING * * *
The 27-headed Lernaean hydra bites you!
* * * LOW HITPOINT WARNING * * *
The 27-headed Lernaean hydra misses you.
The 27-headed Lernaean hydra bites you!
You die...

♣♣♣ ≈≈♣♣ ≈≈≈♣ #≈≈≈# ≈≈≈≈ ♣♣≈≈♣
♣♣♣♣≈≈≈♣♣ ♣♣♣♣♣♣
♣♣♣♣♣♣♣♣♣♣♣♣≈.♣≈#≈≈♣ ♣♣.≈♣≈♣
♣.≈≈≈D@.....≈#.♣.≈≈♣
♣♣..≈§.♣♣♣♣≈≈≈≈≈≈≈≈≈≈§≈≈≈♣.#≈♣
♣.≈≈≈≈≈≈♣♣.....≈≈≈≈≈≈≈.♣♣≈.♣ ♣♣#
≈≈≈.≈...♣..≈.≈≈≈≈≈..♣♣♣♣♣≈≈♣♣.≈#
≈≈.♣♣♣♣≈.≈≈≈≈≈≈≈≈≈.≈♣♣♣♣≈♣♣♣.≈
.≈.♣≈♣♣♣.≈≈≈≈≈≈≈≈≈.♣♣♣≈.♣♣♣.#####
≈≈♣§≈≈♣♣.≈≈≈≈≈≈≈≈≈≈≈♣≈≈.%≈≈≈..##.
♣♣♣|≈≈.≈..♣≈≈§≈≈≈≈≈♣♣.≈..≈≈(.≈...
♣♣≈≈≈≈.§..≈≈≈≈≈.≈(≈≈≈........≈#≈


You could see the 27-headed Lernaean hydra.

Vanquished Creatures
  A bone dragon (Abyss:1)
  2 tentacled starspawn (Abyss:1)
  An Executioner (Abyss:1)
  2 thorn hunters
  A frost giant (D:15)
  Maud (Lair:7)
  An orc warlord (Orc:4)
  A draconian knight (Abyss:1)
  Snorg (Lair:5)
  A fire dragon (Lair:5)
  15 hydras
  3 shambling mangroves
  Erica (Lair:4)
  A ravenous feature mimic (Lair:7)
  A yaktaur captain (D:13)
  6 alligators
  15 death yaks (Lair:8)
  The ghost of inmateoo the Carver, an experienced HuGl of Cheibriados (D:8)
  An orc high priest (Orc:3)
  Harold (D:15)
  3 catoblepae (Lair:8)
  A thrashing horror (Abyss:1)
  A fire crab (shapeshifter) (D:13)
  5 skeletal warriors
  A centaur warrior (D:15)
  4 unseen horrors
  Nergalle (Orc:2)
  3 large abominations (Abyss:1)
  A lindwurm (Lair:7)
  7 hill giants
  Joseph (Lair:1)
  7 swamp dragons
  4 orc knights
  3 griffons
  6 cyclopes
  4 oklob plants
  12 elephants
  A red wasp (Swamp:2)
  An orange demon (Abyss:1)
  2 iron devils (Abyss:1)
  A molten gargoyle (Lair:5)
  A worldbinder (Abyss:1)
  3 gargoyles
  7 komodo dragons
  2 black mambas
  2 smoke demons (Abyss:1)
  2 fire drakes (Lair:6)
  14 spiny frogs
  2 yaktaurs (D:13)
  2 ancient zymes (Abyss:1)
  The ghost of Arvee the Ruffian, an average TrHu (D:6)
  A centaur skeleton (D:13)
  Sonja (D:11)
  A tengu conjurer (D:15)
  3 bog bodies
  6 trolls
  2 two-headed ogres
  A fire vortex (Lair:5)
  12 ravens
  An orc sorcerer (Orc:3)
  28 blink frogs
  2 boulder beetles (Lair:8)
  25 slime creatures
  A wraith (D:14)
  6 giant leeches
  2 basilisks
  2 shadows
  4 wyverns
  4 raiju (Abyss:1)
  A fire dragon skeleton (Abyss:1)
  2 deep elf magi
  3 hungry ghosts
  8 giant fireflies
  12 spriggans
  A hill giant zombie (D:15)
  A ynoxinul (Abyss:1)
  3 neqoxecs (Abyss:1)
  12 hippogriffs
  26 wolves
  A shark (Lair:8)
  22 ugly things
  A chaos spawn (Abyss:1)
  2 fire bats (Abyss:1)
  15 vampire mosquitoes
  56 yaks
  7 wargs
  19 swamp worms
  22 water moccasins
  4 black bears
  A soldier ant (D:13)
  7 spiders (Lair:3)
  35 orc warriors
  2 sky beasts
  12 porcupines
  3 ice beasts
  5 small abominations (Abyss:1)
  7 swamp drakes
  3 phantoms
  4 necrophages
  6 ogres
  6 crocodiles
  A boring beetle (Lair:6)
  8 centaurs
  16 giant frogs
  12 lava worms
  A yaktaur zombie (D:15)
  3 big kobolds
  2 cyclops zombies (D:13)
  9 insubstantial wisps
  3 scorpions
  A cyclops skeleton (D:9)
  5 killer bees (D:12)
  A water moccasin skeleton (D:3)
  An eye of draining (D:14)
  2 spriggan skeletons (D:11)
  2 troll skeletons
  2 electric eels (Lair:8)
  2 pulsating lumps (Lair:7)
  10 jellies
  9 starcursed masses (Abyss:1)
  6 crimson imps
  42 orc priests
  A black bear zombie (D:6)
  2 human zombies (Ossuary)
  3 quasits
  5 lava snakes (D:10)
  8 worker ants
  9 big fish
  12 hounds
  An iron imp (Abyss:1)
  50 orc wizards
  13 iguanas
  2 orange rats (Lair:2)
  8 sheep
  An ogre zombie (D:9)
  2 sky beast zombies
  Ijyb (D:3)
  An ogre skeleton (D:4)
  5 mummies
  35 green rats
  24 adders
  4 gnolls
  A scorpion zombie (D:6)
  A giant mite (D:3)
  2 white imps (Abyss:1)
  A worm (D:2)
  2 shadow imps
  An ufetubus (Abyss:1)
  An iguana zombie (D:9)
  An adder skeleton (D:5)
  2 giant geckos
  9 oozes
  209 orcs
  12 bats
  A bat skeleton (D:4)
  10 giant cockroaches
  2 gnoll zombies (Ossuary)
  31 goblins
  20 hobgoblins
  3 ball pythons
  A giant gecko zombie (D:6)
  6 giant newts
  21 jackals
  41 kobolds
  2 kobold zombies (Ossuary)
  3 orc zombies
  12 quokkas
  8 rats
  A rat skeleton (D:6)
  8 ballistomycetes (D:9)
  A bush (Lair:4)
  21 fungi
  37 plants
1369 creatures vanquished.

Vanquished Creatures (collateral kills)
  Agnes (Swamp:1)
  5 hydras
  A black mamba (Lair:8)
  A water moccasin (Lair:8)
  A swamp drake (Swamp:5)
  A plant (Lair:8)
10 creatures vanquished.

Vanquished Creatures (others)
  3 air elementals (Swamp:5)
  11 chimeras
  A vampire mosquito (Swamp:5)
  A spider (Swamp:5)
  A yellow wasp (Swamp:5)
  A big fish (D:5)
  An orc (Orc:3)
  2 giant spores
  7 fungi
  4 plants (Lair:8)
  14 starspawn tentacles (Abyss:1)
  105 starspawn tentacle segments (Abyss:1)
151 creatures vanquished.

Grand Total: 1530 creatures vanquished

Notes
Turn   | Place    | Note
--------------------------------------------------------------
     0 | D:1      | Chiseanne, the Troll Monk, began the quest for the Orb.
     0 | D:1      | Reached XP level 1. HP: 22/22 MP: 1/1
   210 | D:1      | Reached XP level 2. HP: 26/29 MP: 1/1
   829 | D:2      | Reached XP level 3. HP: 27/36 MP: 2/2
  1205 | D:2      | Found a sparkling altar of Nemelex Xobeh.
  1417 | D:3      | Noticed a phantom
  1426 | D:3      | Killed a phantom
  1426 | D:3      | Reached skill level 5 in Unarmed Combat
  1426 | D:3      | Reached XP level 4. HP: 41/45 MP: 2/2
  1426 | D:3      | Reached XP level 5. HP: 48/53 MP: 2/2
  1493 | D:3      | Reached skill level 1 in Throwing
  2104 | D:3      | Noticed Ijyb
  2115 | D:3      | Killed Ijyb
  2115 | D:3      | Reached XP level 6. HP: 61/61 MP: 3/3
  2265 | D:4      | Found Plyurof's Jewellery Shop.
  2274 | D:4      | Bought a +2 ring of strength for 97 gold pieces
  2435 | D:4      | Found a sand-covered staircase.
  2441 | Ossuary  | Entered an ossuary
  3012 | D:4      | Found Ghenurat's Antique Armour Emporium.
  3017 | D:4      | Bought a silk robe for 131 gold pieces
  3021 | D:4      | Identified the +1 robe "Stianomm" {Str+5 Dex+2} (You bought it in a shop on level 4 of the Dungeon)
  3028 | D:4      | Found Fiaqy's Jewellery Shop.
  3044 | D:4      | Found Shriwn's Food Shop.
  3047 | D:4      | Found Suojatz's Antique Armour Shoppe.
  3081 | D:4      | Reached XP level 7. HP: 63/70 MP: 3/3
  3339 | D:5      | Entered Level 5 of the Dungeon
  3348 | D:5      | Reached skill level 5 in Dodging
  3578 | D:5      | Found a white marble altar of Elyvilon.
  4073 | D:5      | Reached XP level 8. HP: 66/79 MP: 3/3
  4391 | D:6      | Noticed Arvee's ghost (average TrHu)
  4402 | D:6      | Killed Arvee's ghost
  4402 | D:6      | Reached skill level 5 in Fighting
  4402 | D:6      | Reached skill level 6 in Dodging
  4517 | D:6      | Found Niba's Assorted Antiques.
  4519 | D:6      | Found a shattered altar of Ashenzari.
  4523 | D:6      | Found an ancient bone altar of Kikubaaqudgha.
  4702 | D:6      | Found a staircase to the Ecumenical Temple.
  4779 | Temple   | Entered the Ecumenical Temple
  4815 | Temple   | Became a worshipper of Warmaster Okawaru
  4815 | Temple   | Acquired Okawaru's first power
  5250 | D:7      | Reached skill level 1 in Polearms
  5250 | D:7      | Reached skill level 7 in Dodging
  5252 | D:7      | Reached XP level 9. HP: 83/88 MP: 1/4
  5725 | D:8      | Found a staircase to the Lair.
  5733 | D:8      | HP: 1/89 [warg (10)]
  5965 | D:8      | Noticed inmateoo's ghost (experienced HuGl)
  6394 | D:4      | Bought a fine cloak for 190 gold pieces
  6396 | D:4      | Identified the +1 cloak of Good Intentions {rC++ rN+ Dex+4 SInv} (You bought it in a shop on level 4 of the Dungeon)
  6510 | D:6      | Bought a scroll labeled MOCKUIPRIL for 31 gold pieces
  6784 | D:8      | Killed inmateoo's ghost
  6784 | D:8      | Reached skill level 8 in Dodging
  6845 | D:8      | Identified a scroll of acquirement
  7613 | Lair:1   | Entered Level 1 of the Lair of Beasts
  7634 | Lair:1   | Reached skill level 5 in Throwing
  7811 | Lair:1   | Gained mutation: You possess an exceptional clarity of mind. [potion of beneficial mutation]
  7813 | Lair:1   | Lost mutation: You possess an exceptional clarity of mind. [potion of cure mutation]
  7821 | Lair:1   | Reached skill level 1 in Staves
  7822 | Lair:1   | Reached XP level 10. HP: 95/100 MP: 4/4
  7835 | Lair:1   | Reached skill level 9 in Dodging
  8334 | Lair:1   | Noticed a komodo dragon
  8359 | Lair:1   | Killed a komodo dragon
  8615 | Lair:1   | Acquired Okawaru's second power
  8781 | Lair:1   | Noticed a spiny frog
  8818 | Lair:1   | Received a gift from Okawaru
  8818 | Lair:1   | Reached XP level 11. HP: 74/109 MP: 4/4
  8929 | Lair:1   | Killed a spiny frog
  9157 | Lair:1   | Noticed an oklob plant
  9395 | Lair:1   | Received a gift from Okawaru
  9444 | Lair:1   | Noticed Joseph
  9445 | Lair:1   | Reached skill level 5 in Staves
  9451 | Lair:1   | Reached skill level 10 in Dodging
  9464 | Lair:1   | Killed Joseph
  9735 | Lair:2   | Got a warped copper amulet
  9736 | Lair:2   | Identified the amulet "Uhotzor" {Ward +Rage rN+} (You found it on level 2 of the Lair of Beasts)
 10078 | Lair:2   | Reached skill level 1 in Evocations
 10224 | Lair:2   | Found a basalt altar of Yredelemnul.
 10811 | Lair:3   | Got a fine robe
 10812 | Lair:3   | Identified the +2 robe "Towe" {Acc-3 Dam+3} (You found it on level 3 of the Lair of Beasts)
 10913 | Lair:3   | Found a hole to the Spider Nest.
 11071 | Lair:3   | Found a staircase to the Swamp.
 11134 | Lair:3   | Noticed a seven-headed hydra
 11177 | Lair:3   | HP: 3/111 [11-headed hydra (16)]
 11508 | Lair:3   | Learned a level 2 spell: Repel Missiles
 11511 | Lair:3   | Learned a level 2 spell: Swiftness
 11776 | Lair:3   | Reached XP level 12. HP: 112/120 MP: 9/9
 11800 | Lair:3   | Reached skill level 11 in Dodging
 11951 | Lair:3   | Received a gift from Okawaru
 12066 | Lair:3   | Killed a 11-headed hydra
 12428 | Lair:3   | Received a gift from Okawaru
 12599 | Lair:4   | Noticed Erica
 12614 | Lair:4   | Killed Erica
 12616 | Lair:4   | Received a gift from Okawaru
 13239 | Lair:4   | Noticed a seven-headed hydra
 13247 | Lair:4   | Killed a seven-headed hydra
 13247 | Lair:4   | Received a gift from Okawaru
 13301 | Lair:4   | Reached skill level 5 in Evocations
 13780 | Lair:4   | Received a gift from Okawaru
 14465 | Lair:5   | Reached XP level 13. HP: 117/128 MP: 20/20
 14479 | Lair:5   | Noticed Snorg
 14495 | Lair:5   | Killed Snorg
 14495 | Lair:5   | Received a gift from Okawaru
 15220 | Lair:5   | Noticed a fire dragon
 15237 | Lair:5   | Killed a fire dragon
 15697 | Lair:6   | Learned a level 1 spell: Apportation
 15700 | Lair:6   | Learned a level 2 spell: Blink
 15702 | Lair:6   | Learned a level 1 spell: Summon Butterflies
 15961 | Lair:6   | Reached skill level 10 in Evocations
 16069 | Lair:6   | Found a staircase to the Slime Pits.
 16110 | Lair:6   | Received a gift from Okawaru
 16664 | Lair:7   | Received a gift from Okawaru
 16999 | Lair:7   | Noticed Maud
 17016 | Lair:7   | Killed Maud
 17281 | Lair:7   | Found a staircase to the Slime Pits.
 17299 | Lair:7   | the staircase to the Slime Pits was a mimic.
 17896 | Lair:8   | Entered Level 8 of the Lair of Beasts
 17915 | Lair:8   | Reached XP level 14. HP: 104/140 MP: 24/24
 18326 | Lair:8   | Received a gift from Okawaru
 18602 | Lair:8   | Got a fine spear
 18603 | Lair:8   | Identified the +9,+10 spear "Awkaxuah" {pierce, Str+2} (You found it on level 8 of the Lair of Beasts)
 18771 | Lair:8   | Reached skill level 12 in Dodging
 19883 | Lair:8   | Got a sparkling tin amulet
 19888 | Lair:8   | Identified the amulet "Teuq" {+Rage rPois Str+2 Dex+1} (You found it on level 8 of the Lair of Beasts)
 20945 | D:9      | Found a flagged portal.
 20960 | Bailey   | Entered a bailey
 21115 | Bailey   | Got a shimmering great sword
 21120 | Bailey   | Identified the +8,+8 great sword "Skygg" {drain, rF+} (You took it off an orc warrior in a bailey)
 21144 | Bailey   | Found an iron altar of Okawaru.
 21684 | D:4      | Bought the ring "Upugraop" {-Cast Str+5 Dex+1 Acc+6} for 726 gold pieces
 22706 | D:10     | Entered Level 10 of the Dungeon
 22849 | D:10     | Reached skill level 10 in Fighting
 22858 | D:10     | Reached skill level 1 in Long Blades
 23186 | D:10     | Found a roughly hewn altar of Beogh.
 23188 | D:10     | Found a staircase to the Orcish Mines.
 23784 | Orc:1    | Entered Level 1 of the Orcish Mines
 23952 | Orc:2    | Found Potywaw's Magic Scroll Shoppe.
 24009 | Orc:2    | Found Doutut's Distillery.
 24067 | Orc:2    | Bought a potion of haste for 84 gold pieces
 24067 | Orc:2    | Bought a potion of heal wounds for 36 gold pieces
 24067 | Orc:2    | Bought a potion of curing for 24 gold pieces
 24067 | Orc:2    | Bought a potion of curing for 24 gold pieces
 24067 | Orc:2    | Bought a potion of haste for 84 gold pieces
 24165 | Orc:2    | Bought a scroll of fear for 35 gold pieces
 24165 | Orc:2    | Bought a scroll of blinking for 75 gold pieces
 24165 | Orc:2    | Bought a scroll of identify for 20 gold pieces
 24165 | Orc:2    | Bought a scroll of identify for 20 gold pieces
 24165 | Orc:2    | Bought a scroll of identify for 20 gold pieces
 25054 | Orc:3    | Received a gift from Okawaru
 25663 | Orc:4    | Entered Level 4 of the Orcish Mines
 25689 | Orc:4    | Found a roughly hewn altar of Beogh.
 25837 | Orc:4    | Found a roughly hewn altar of Beogh.
 25849 | Orc:4    | Found Uwuihuts' Distillery.
 25857 | Orc:4    | Bought a potion of agility for 32 gold pieces
 25857 | Orc:4    | Bought a potion of heal wounds for 39 gold pieces
 25857 | Orc:4    | Bought a potion of curing for 26 gold pieces
 25857 | Orc:4    | Bought a potion of might for 32 gold pieces
 25857 | Orc:4    | Bought a potion of curing for 26 gold pieces
 25857 | Orc:4    | Bought a potion of might for 32 gold pieces
 25891 | Orc:4    | Found a roughly hewn altar of Beogh.
 25915 | Orc:4    | Found Qiusots' Gadget Shoppe.
 26107 | Orc:4    | Found a roughly hewn altar of Beogh.
 26144 | Orc:4    | Found a roughly hewn altar of Beogh.
 26372 | Orc:4    | Found a roughly hewn altar of Beogh.
 26636 | Orc:4    | Found a staircase to the Elven Halls.
 26788 | Orc:4    | Reached XP level 15. HP: 120/149 MP: 25/25
 26810 | Orc:4    | Reached skill level 5 in Long Blades
 26816 | Orc:4    | Noticed an orc warlord
 26829 | Orc:4    | Killed an orc warlord
 26898 | Orc:4    | Found Chyzaeny's Antique Weapon Emporium.
 26898 | Orc:4    | Found a roughly hewn altar of Beogh.
 26907 | Orc:4    | Found Okixaof's Antique Armour Shoppe.
 27338 | Orc:2    | Noticed Nergalle
 27605 | Orc:3    | Received a gift from Okawaru
 27820 | Orc:2    | Killed Nergalle
 28305 | D:11     | Received a gift from Okawaru
 28406 | D:11     | Noticed Sonja
 28709 | D:11     | Killed Sonja
 29824 | D:12     | Got a bloodstained cutlass
 29825 | D:12     | Identified the cursed +2,+0 cutlass "Killer Bee's Bane" {drain, Str+3} (You found it on level 12 of the Dungeon)
 30465 | D:13     | Found a gate to the Vaults.
 30604 | D:13     | Received a gift from Okawaru
 30909 | D:13     | Received a gift from Okawaru
 31322 | D:14     | Found Freixic's Jewellery Shop.
 31835 | D:14     | Found a portal to a secret trove of treasure.
 32249 | D:4      | Bought a +6 ring of evasion for 1092 gold pieces
 32540 | D:14     | You paid a toll of a +6 ring of evasion to enter a treasure trove
 32541 | Trove    | Entered a treasure trove
 32568 | Trove    | Got an ancient bronze ring
 32570 | Trove    | Got a slimy tin ring
 32582 | Trove    | Got a faintly humming cloak
 32584 | Trove    | Identified the ring "Wamnunle" {rPois rC+ Int+2 Stlth++} (You found it in a treasure trove)
 32585 | Trove    | Identified the ring of the Original Sin {MR+ Dex+4 Int+3} (You found it in a treasure trove)
 32586 | Trove    | Identified the +1 cloak of Distant Shores {rPois rC+} (You found it in a treasure trove)
 32713 | D:15     | Entered Level 15 of the Dungeon
 33326 | D:15     | Reached skill level 10 in Long Blades
 33549 | D:15     | Noticed Harold
 33556 | D:15     | Killed Harold
 33767 | D:15     | Found a staircase to the Depths.
 34270 | D:6      | Bought a scroll of blinking for 232 gold pieces
 34270 | D:6      | Bought a potion of haste for 217 gold pieces
 34270 | D:6      | Bought a potion of resistance for 217 gold pieces
 34478 | Swamp:1  | Entered Level 1 of the Swamp
 34627 | Swamp:1  | Got a transparent mace
 34628 | Swamp:1  | Identified the +10,+6 mace of Harmony {drain, MR+ Dex+2 SInv} (You found it on level 1 of the Swamp)
 34713 | Swamp:1  | Noticed Agnes
 34761 | Swamp:1  | Killed Agnes
 35196 | Swamp:2  | Identified Treptyly's Grimoire of Talismans
 35200 | Swamp:2  | Learned a level 2 spell: Shroud of Golubria
 35204 | Swamp:2  | Learned a level 3 spell: Regeneration
 35305 | Swamp:2  | Reached XP level 16. HP: 144/158 MP: 23/26
 35474 | Swamp:2  | HP: 11/234 [spriggan rider/spear (24)]
 35475 | Swamp:2  | HP: 5/234 [spriggan rider/spear (7)]
 35476 | Swamp:2  | Received a gift from Okawaru
 35675 | Swamp:2  | Got a heavily runed golden ring
 35712 | Swamp:2  | Identified the ring "Urerot" {rF+ rC- SInv} (You found it on level 2 of the Swamp)
 36507 | Swamp:3  | Reached skill level 13 in Dodging
 36683 | Swamp:3  | Noticed Louise
 36697 | Swamp:3  | Cast into the Abyss (Louise)
 36920 | Abyss:1  | Noticed a tentacled starspawn
 36930 | Abyss:1  | Killed a tentacled starspawn
 37053 | Abyss:1  | Received a gift from Okawaru
 37059 | Abyss:1  | Noticed a tentacled starspawn
 37067 | Abyss:1  | Killed a tentacled starspawn
 37072 | Abyss:1  | Noticed an Executioner
 37078 | Abyss:1  | Killed an Executioner
 37084 | Abyss:1  | Noticed a bone dragon
 37099 | Abyss:1  | Killed a bone dragon
 37130 | Abyss:1  | Noticed a tentacled starspawn
 37361 | Abyss:1  | Found a corrupted altar of Lugonu.
 37379 | Abyss:1  | Noticed a Hell Sentinel
 37606 | Abyss:1  | Found a roughly hewn altar of Beogh.
 37626 | Abyss:1  | Noticed a tentacled starspawn
 37635 | Abyss:1  | Found a roughly hewn altar of Beogh.
 37650 | Abyss:1  | HP: 3/158 [ghost moth (11)]
 37866 | Abyss:1  | Paralysed by accursed screaming for 2 turns
 37953 | Abyss:1  | Noticed a tentacled starspawn
 38070 | Abyss:1  | Noticed a tentacled starspawn
 38106 | Swamp:3  | Escaped the Abyss
 38335 | Swamp:4  | Gained mutation: You have large cloven feet. [potion of beneficial mutation]
 39075 | Swamp:5  | Entered Level 5 of the Swamp
 39708 | Swamp:5  | Identified a -3 rod of the swarm (9/9) (You found it on level 5 of the Swamp)
 39712 | Swamp:5  | Got an encrusted shield
 39713 | Swamp:5  | Identified the +0 shield of Kleptomania {Dex-2 Int-3} (You acquired it on level 5 of the Swamp)
 39988 | Swamp:5  | Reached XP level 17. HP: 104/167 MP: 24/27
 40030 | Swamp:5  | Noticed the 27-headed Lernaean hydra
 40114 | Swamp:5  | HP: 3/167 [the 27-headed Lernaean hydra (12)]
 40114 | Swamp:5  | Slain by the 27-headed Lernaean hydra

Action                   |  1- 3 |  4- 6 |  7- 9 | 10-12 | 13-15 | 16-18 || total
-------------------------+-------+-------+-------+-------+-------+-------++-------
Melee: Unarmed           |    91 |   127 |   109 |       |       |       ||   327
       Trident           |       |       |   117 |       |       |       ||   117
       Lajatang          |       |       |    20 |   611 |   233 |       ||   864
       Quarterstaff      |       |       |       |     5 |    18 |    20 ||    43
       Halberd           |       |       |       |       |   480 |       ||   480
       Great sword       |       |       |       |       |   836 |   420 ||  1256
       Spear             |       |       |       |       |    36 |       ||    36
 Fire: Blowgun           |       |       |       |       |     1 |       ||     1
Throw: Tomahawk          |     7 |     9 |    55 |    70 |   432 |     6 ||   579
       Javelin           |       |       |       |     2 |    14 |       ||    16
       Large rock        |       |       |       |       |   102 |    14 ||   116
Invok: Heroism           |       |       |     4 |     7 |    30 |    20 ||    61
       Finesse           |       |       |       |       |     1 |       ||     1
 Abil: Evoke Berserk Rag |       |       |       |       |     7 |     2 ||     9
Evoke: Wand              |       |       |     7 |    11 |    48 |    18 ||    84
       Box of beasts     |       |       |       |       |     4 |    17 ||    21
       Fan of gales      |       |       |       |       |     2 |     1 ||     3
       Rod               |       |       |       |       |       |     1 ||     1
  Use: Scroll            |       |     8 |    18 |    12 |    21 |     7 ||    66
       Potion            |       |       |    12 |    14 |    19 |    14 ||    59
 Stab: Sleeping          |       |     1 |     1 |     1 |     6 |     1 ||    10
       Invisible         |       |       |       |       |     2 |       ||     2
       Distracted        |       |       |       |       |     1 |       ||     1
       Paralysed         |       |       |       |       |       |     6 ||     6
       Confused          |       |       |       |       |       |     1 ||     1
